[ AOE2 MATCH · #475174168 ]
Team RMInca vs Britons
[ REPLAY ANALYSIS · EXTRACTED FROM THE RECORDED GAME ]
Feudal
13:08
Castle
22:28
Imperial
32:13
| APM avg | 17.7 |
| APM peak | 56 |
| eAPM avg | 12.9 |
| Villagers / military | 135 / 64 |
Focus
⚔️ 32.1% · 🌾 67.9%
Unknown (2550) ×149 · Kamayuk ×38 · Trade Cart ×22 · Mangonel ×13 · Monk ×6 · Battering Ram ×5
Feudal
13:22
Castle
17:38
Imperial
32:54
| APM avg | 16.2 |
| APM peak | 51 |
| eAPM avg | 13.4 |
| Villagers / military | 117 / 240 |
Focus
⚔️ 35.0% · 🌾 65.0%
Teutonic Knight ×160 · Knight ×40 · Trade Cart ×20 · Battering Ram ×20 · Bombard Cannon ×15 · Fishing Ship ×10
Feudal
13:45
Castle
24:30
Imperial
35:38
| APM avg | 19.5 |
| APM peak | 46 |
| eAPM avg | 15.1 |
| Villagers / military | 102 / 359 |
Focus
⚔️ 32.1% · 🌾 67.9%
Skirmisher ×183 · Hand Cannoneer ×77 · Hussite Wagon ×52 · Trade Cart ×41 · Bombard Cannon ×37 · Fishing Ship ×12
Feudal
12:12
Castle
15:50
Imperial
32:41
| APM avg | 16.1 |
| APM peak | 35 |
| eAPM avg | 11.5 |
| Villagers / military | 107 / 302 |
Focus
⚔️ 27.4% · 🌾 72.6%
Archer ×135 · Longbowman ×120 · Knight ×35 · Trade Cart ×25 · Trebuchet (Packed) ×11 · Fishing Ship ×8
Match map
Initial resources + every placement click. Lines = walls · curves = elevation contours. ◆ gold · ⬟ stone · ● berries · ✦ relic · ◌ wall gap
Your base· ✓ Closed at 22:28 · 95t walls · no gate
C4sP3r's base· ✓ Closed at 17:38 · 49t walls · no gate
sineks's base· ✓ Closed at 24:30 · 88t walls · 1 gate(s)
svwtim's base· Open — opponent sealed themselves in
Smoothed initial terrain · ◌ = detected wall gap · hover for details
Inputs per minute
— Kerküklü - - C4sP3r
Build order — Kerküklü
First 150 of 422 actions detected
| 0:05 | Research | Loom |
| 0:05 | Create | Villager (Male) |
| 0:06 | Create | Villager (Male) |
| 0:06 | Create | Villager (Male) |
| 0:06 | Create | Villager (Male) |
| 0:06 | Create | Villager (Male) |
| 0:19 | Build | House |
| 0:21 | Build | House |
| 1:07 | Build | Palisade Wall |
| 2:11 | Build | Palisade Wall |
| 2:28 | Create | Villager (Male) |
| 2:56 | Create | Villager (Male) |
| 3:17 | Build | Palisade Wall |
| 3:22 | Create | Villager (Male) |
| 3:53 | Create | Villager (Male) |
| 4:03 | Create | Villager (Male) |
| 4:20 | Build | Palisade Wall |
| 4:29 | Create | Villager (Male) |
| 5:04 | Create | Villager (Male) |
| 5:20 | Create | Villager (Male) |
| 5:48 | Create | Villager (Male) |
| 6:01 | Build | Settlement |
| 6:05 | Create | Villager (Male) |
| 6:38 | Create | Villager (Male) |
| 6:59 | Create | Villager (Male) |
| 7:16 | Create | Villager (Male) |
| 7:31 | Build | Settlement |
| 7:34 | Create | Villager (Male) |
| 7:35 | Create | Villager (Male) |
| 7:56 | Create | Villager (Male) |
| 8:27 | Create | Villager (Male) |
| 9:02 | Create | Villager (Male) |
| 9:28 | Build | Settlement |
| 9:31 | Create | Villager (Male) |
| 9:45 | Create | Villager (Male) |
| 10:36 | Create | Villager (Male) |
| 10:42 | Build | Farm |
| 10:56 | Research | Feudal Age |
| 11:08 | Build | Barracks |
| 11:12 | Create | Villager (Male) |
| 12:05 | Create | Villager (Male) |
| 12:58 | Create | Unit 2550 |
| 12:59 | Create | Unit 2550 |
| 12:59 | Create | Unit 2550 |
| 12:59 | Create | Unit 2550 |
| 13:02 | Create | Villager (Male) |
| 13:03 | Create | Villager (Male) |
| 13:08 | Age | Feudal Age |
| 13:18 | Build | Settlement |
| 13:30 | Research | Double-Bit Axe |
| 13:40 | Build | Stone Wall |
| 13:50 | Build | Stone Wall |
| 14:18 | Build | Settlement |
| 14:30 | Create | Villager (Male) |
| 14:30 | Create | Villager (Male) |
| 14:30 | Create | Villager (Male) |
| 14:30 | Create | Villager (Male) |
| 15:15 | Create | Villager (Male) |
| 15:16 | Create | Villager (Male) |
| 15:20 | Build | Farm |
| 15:32 | Build | Farm |
| 15:38 | Build | Farm |
| 15:48 | Build | Stone Wall |
| 15:58 | Build | Stone Wall |
| 16:01 | Create | Villager (Male) |
| 16:01 | Create | Villager (Male) |
| 16:07 | Build | Farm |
| 16:12 | Build | Farm |
| 16:25 | Build | Market |
| 16:33 | Build | Farm |
| 16:41 | Build | Farm |
| 16:53 | Create | Villager (Male) |
| 17:03 | Build | Blacksmith |
| 17:10 | Build | Farm |
| 17:19 | Build | Farm |
| 17:36 | Create | Villager (Male) |
| 17:52 | Build | Settlement |
| 18:07 | Create | Villager (Male) |
| 18:13 | Research | Horse Collar |
| 18:16 | Research | Gold Mining |
| 18:30 | Build | Farm |
| 18:45 | Build | Farm |
| 18:51 | Build | Farm |
| 19:06 | Create | Villager (Male) |
| 19:11 | Build | Farm |
| 19:19 | Build | Farm |
| 19:37 | Research | Castle Age |
| 19:51 | Build | Farm |
| 19:59 | Build | Farm |
| 20:15 | Research | Tech 1402 |
| 20:16 | Research | Arson |
| 20:34 | Create | Unit 2550 |
| 20:34 | Create | Unit 2550 |
| 20:34 | Create | Unit 2550 |
| 21:07 | Build | Farm |
| 21:14 | Build | Farm |
| 21:19 | Create | Villager (Male) |
| 21:19 | Create | Villager (Male) |
| 21:19 | Create | Villager (Male) |
| 21:20 | Create | Villager (Male) |
| 21:20 | Create | Villager (Male) |
| 21:42 | Create | Trade Cart |
| 21:44 | Create | Trade Cart |
| 21:49 | Research | Forging |
| 21:50 | Research | Scale Mail Armor |
| 22:00 | Build | Barracks |
| 22:28 | Age | Castle Age |
| 22:35 | Research | Heavy Plow |
| 22:36 | Create | Villager (Male) |
| 22:37 | Create | Villager (Male) |
| 22:37 | Create | Villager (Male) |
| 22:37 | Create | Villager (Male) |
| 22:54 | Research | Stone Mining |
| 23:25 | Create | Villager (Male) |
| 23:25 | Create | Villager (Male) |
| 23:40 | Research | Bow Saw |
| 24:18 | Build | Town Center |
| 24:22 | Research | Stone Shaft Mining |
| 24:35 | Create | Villager (Male) |
| 24:36 | Create | Villager (Male) |
| 24:36 | Create | Villager (Male) |
| 24:56 | Research | Gold Shaft Mining |
| 25:14 | Build | Farm |
| 25:46 | Build | Siege Workshop |
| 25:53 | Create | Villager (Male) |
| 25:53 | Create | Villager (Male) |
| 26:17 | Create | Villager (Male) |
| 26:17 | Create | Villager (Male) |
| 26:18 | Create | Villager (Male) |
| 26:18 | Create | Villager (Male) |
| 26:18 | Create | Villager (Male) |
| 26:18 | Create | Villager (Male) |
| 26:19 | Create | Villager (Male) |
| 26:19 | Create | Villager (Male) |
| 26:20 | Create | Villager (Male) |
| 26:39 | Build | Monastery |
| 26:46 | Create | Mangonel |
| 26:57 | Research | Tech 1351 |
| 26:59 | Create | Villager (Male) |
| 26:59 | Create | Villager (Male) |
| 26:59 | Create | Villager (Male) |
| 27:06 | Build | Farm |
| 27:12 | Build | Farm |
| 27:18 | Build | Farm |
| 27:24 | Build | Farm |
| 27:33 | Create | Monk |
| 27:40 | Build | Farm |
| 27:45 | Create | Villager (Male) |
| 28:17 | Build | University |
| 28:28 | Build | Farm |
Build order — C4sP3r
First 150 of 422 actions detected
| 0:01 | Create | Villager (Male) |
| 0:01 | Create | Villager (Male) |
| 0:01 | Create | Villager (Male) |
| 0:01 | Create | Villager (Male) |
| 0:03 | Build | House |
| 0:04 | Build | House |
| 0:06 | Build | House |
| 0:26 | Research | Loom |
| 1:18 | Build | Palisade Wall |
| 1:28 | Create | Villager (Male) |
| 1:28 | Create | Villager (Male) |
| 1:28 | Create | Villager (Male) |
| 1:43 | Build | Palisade Wall |
| 2:36 | Create | Villager (Male) |
| 2:37 | Create | Villager (Male) |
| 3:04 | Create | Villager (Male) |
| 3:31 | Create | Villager (Male) |
| 4:00 | Create | Villager (Male) |
| 4:09 | Build | Lumber Camp |
| 4:18 | Create | Villager (Male) |
| 4:18 | Create | Villager (Male) |
| 5:03 | Create | Villager (Male) |
| 5:52 | Create | Villager (Male) |
| 5:53 | Create | Villager (Male) |
| 5:53 | Create | Villager (Male) |
| 6:37 | Create | Villager (Male) |
| 6:38 | Create | Villager (Male) |
| 7:49 | Build | Mill |
| 7:52 | Create | Villager (Male) |
| 7:52 | Create | Villager (Male) |
| 8:02 | Build | House |
| 8:03 | Build | House |
| 8:03 | Build | House |
| 8:21 | Create | Villager (Male) |
| 8:46 | Create | Villager (Male) |
| 8:46 | Create | Villager (Male) |
| 9:40 | Build | Lumber Camp |
| 9:45 | Create | Villager (Male) |
| 9:46 | Create | Villager (Male) |
| 10:31 | Create | Villager (Male) |
| 10:51 | Create | Villager (Male) |
| 11:05 | Build | Mining Camp |
| 11:09 | Research | Feudal Age |
| 11:56 | Create | Villager (Male) |
| 11:56 | Create | Villager (Male) |
| 13:22 | Age | Feudal Age |
| 13:24 | Build | Market |
| 13:31 | Build | Blacksmith |
| 13:47 | Build | Stone Wall |
| 13:49 | Build | Stone Wall |
| 13:53 | Build | Stone Wall |
| 13:59 | Build | Mining Camp |
| 14:37 | Build | Dock |
| 14:58 | Research | Castle Age |
| 15:06 | Research | Horse Collar |
| 15:33 | Research | Double-Bit Axe |
| 15:42 | Build | Farm |
| 15:43 | Build | Farm |
| 15:45 | Build | Farm |
| 15:47 | Build | Farm |
| 16:25 | Build | Farm |
| 16:26 | Build | Farm |
| 16:46 | Build | Stone Wall |
| 17:06 | Build | Stone Wall |
| 17:38 | Age | Castle Age |
| 17:41 | Build | Town Center |
| 17:52 | Build | Town Center |
| 17:58 | Create | Villager (Male) |
| 17:59 | Create | Villager (Male) |
| 17:59 | Create | Villager (Male) |
| 18:38 | Build | Farm |
| 18:39 | Create | Villager (Male) |
| 18:39 | Create | Villager (Male) |
| 18:39 | Create | Villager (Male) |
| 18:44 | Create | Fishing Ship |
| 18:44 | Create | Fishing Ship |
| 18:49 | Create | Fishing Ship |
| 18:54 | Create | Villager (Male) |
| 18:56 | Build | Farm |
| 19:19 | Build | House |
| 19:21 | Build | House |
| 19:22 | Build | House |
| 19:24 | Build | House |
| 19:24 | Build | House |
| 19:30 | Build | Farm |
| 19:42 | Build | Farm |
| 19:53 | Create | Villager (Male) |
| 19:53 | Create | Villager (Male) |
| 19:56 | Create | Villager (Male) |
| 20:13 | Build | Stone Wall |
| 20:22 | Build | Siege Workshop |
| 20:32 | Create | Villager (Male) |
| 20:32 | Create | Villager (Male) |
| 20:33 | Create | Villager (Male) |
| 20:35 | Build | Farm |
| 20:44 | Create | Demolition Raft |
| 20:49 | Create | Fishing Ship |
| 20:51 | Create | Villager (Male) |
| 20:51 | Create | Villager (Male) |
| 20:55 | Build | Farm |
| 21:04 | Create | Mangonel |
| 21:16 | Create | Fishing Ship |
| 21:19 | Create | Villager (Male) |
| 21:20 | Create | Villager (Male) |
| 21:25 | Build | Farm |
| 21:42 | Build | Stone Wall |
| 21:46 | Create | Villager (Male) |
| 21:46 | Create | Villager (Male) |
| 21:47 | Create | Villager (Male) |
| 21:56 | Create | Villager (Male) |
| 21:59 | Build | House |
| 22:00 | Build | House |
| 22:15 | Create | Trade Cart |
| 22:17 | Build | Farm |
| 22:24 | Build | Fish Trap |
| 22:29 | Build | Fish Trap |
| 22:35 | Build | Fish Trap |
| 22:39 | Create | Villager (Male) |
| 22:39 | Create | Villager (Male) |
| 22:40 | Create | Villager (Male) |
| 22:40 | Create | Villager (Male) |
| 22:40 | Create | Villager (Male) |
| 22:43 | Build | Farm |
| 22:45 | Build | Farm |
| 23:14 | Create | Villager (Male) |
| 23:15 | Create | Villager (Male) |
| 23:15 | Create | Villager (Male) |
| 23:19 | Build | Farm |
| 23:23 | Build | Farm |
| 23:24 | Create | Villager (Male) |
| 23:25 | Create | Villager (Male) |
| 23:30 | Create | Fishing Ship |
| 23:30 | Create | Fishing Ship |
| 23:37 | Build | Farm |
| 23:38 | Create | Villager (Male) |
| 23:51 | Build | Mining Camp |
| 23:56 | Create | Villager (Male) |
| 23:56 | Create | Villager (Male) |
| 23:57 | Create | Villager (Male) |
| 23:57 | Create | Villager (Male) |
| 24:00 | Build | Farm |
| 24:08 | Create | Villager (Male) |
| 24:09 | Create | Villager (Male) |
| 24:15 | Build | Farm |
| 24:16 | Build | Farm |
| 24:17 | Build | Farm |
| 24:19 | Build | Farm |
| 24:22 | Create | Trade Cart |
| 24:23 | Create | Trade Cart |
| 24:24 | Create | Trade Cart |
Build order — sineks
First 150 of 405 actions detected
| 0:02 | Research | Loom |
| 0:03 | Create | Villager (Male) ×4 |
| 0:03 | Create | Villager (Male) ×4 |
| 0:27 | Build | House |
| 0:28 | Build | House |
| 0:29 | Build | House |
| 1:09 | Build | Palisade Wall |
| 1:39 | Build | Palisade Wall |
| 1:58 | Build | Palisade Wall |
| 3:00 | Build | Palisade Wall |
| 3:03 | Create | Villager (Male) |
| 3:34 | Create | Villager (Male) |
| 3:52 | Create | Villager (Male) |
| 4:37 | Create | Villager (Male) |
| 4:51 | Build | Lumber Camp |
| 4:59 | Create | Villager (Male) |
| 5:35 | Create | Villager (Male) |
| 5:52 | Create | Villager (Male) |
| 6:32 | Build | Dock |
| 6:52 | Create | Villager (Male) |
| 7:05 | Create | Villager (Male) |
| 7:16 | Create | Fishing Ship |
| 7:20 | Create | Villager (Male) |
| 7:49 | Create | Villager (Male) |
| 7:56 | Build | House |
| 8:05 | Create | Fishing Ship |
| 8:31 | Build | House |
| 8:54 | Create | Villager (Male) |
| 8:59 | Create | Fishing Ship |
| 9:10 | Create | Villager (Male) |
| 9:32 | Build | House |
| 9:33 | Build | House |
| 10:20 | Create | Fishing Ship |
| 10:55 | Create | Villager (Male) |
| 11:35 | Research | Feudal Age |
| 11:36 | Research | Feudal Age |
| 11:53 | Build | Mining Camp |
| 11:56 | Create | Villager (Male) |
| 11:56 | Create | Villager (Male) |
| 12:32 | Create | Fishing Ship |
| 12:37 | Create | Villager (Male) |
| 12:50 | Build | Mining Camp |
| 13:01 | Create | Villager (Male) |
| 13:45 | Age | Feudal Age |
| 13:48 | Build | Barracks |
| 13:57 | Build | House |
| 13:59 | Build | House |
| 14:19 | Build | Stone Wall |
| 14:20 | Build | Stone Wall |
| 14:24 | Create | Villager (Male) |
| 14:32 | Research | Double-Bit Axe |
| 14:45 | Build | Mill |
| 14:47 | Create | Villager (Male) |
| 14:54 | Build | Fish Trap |
| 15:08 | Research | Tech 906 |
| 15:29 | Build | Gate |
| 15:34 | Build | Stone Wall |
| 15:36 | Build | Stone Wall |
| 15:40 | Create | Spearman ×2 |
| 16:09 | Build | Fish Trap |
| 16:14 | Build | Fish Trap |
| 16:23 | Build | Fish Trap |
| 16:31 | Research | Horse Collar |
| 16:43 | Create | Villager (Male) |
| 16:55 | Build | Fish Trap |
| 16:59 | Create | Fishing Ship |
| 17:26 | Create | Fishing Ship |
| 17:26 | Create | Fishing Ship |
| 17:33 | Build | House |
| 17:34 | Build | House |
| 17:39 | Create | Villager (Male) |
| 17:48 | Build | Fish Trap |
| 17:50 | Create | Villager (Male) |
| 18:14 | Build | Blacksmith |
| 18:37 | Build | Market |
| 18:53 | Create | Villager (Male) |
| 18:53 | Create | Villager (Male) |
| 19:04 | Build | House |
| 19:25 | Build | Fish Trap |
| 19:32 | Build | Fish Trap |
| 19:40 | Create | Fishing Ship |
| 19:41 | Create | Fishing Ship |
| 19:43 | Create | Villager (Male) |
| 19:43 | Create | Villager (Male) |
| 20:13 | Build | Stone Wall |
| 20:18 | Research | Wheelbarrow |
| 20:28 | Create | Villager (Male) |
| 20:28 | Create | Villager (Male) |
| 20:36 | Build | Fish Trap |
| 20:41 | Create | Fishing Ship |
| 20:41 | Create | Fishing Ship |
| 21:10 | Build | Fish Trap |
| 21:50 | Research | Castle Age |
| 21:58 | Build | House |
| 21:59 | Build | House |
| 22:00 | Build | House |
| 22:02 | Build | House |
| 22:21 | Build | Gate |
| 22:26 | Build | Stone Wall |
| 22:28 | Build | Stone Wall |
| 22:35 | Build | Stone Wall |
| 22:42 | Research | Wheelbarrow |
| 22:52 | Build | Fish Trap |
| 22:56 | Build | Fish Trap |
| 23:29 | Build | Mining Camp |
| 23:39 | Build | Farm |
| 23:39 | Build | Farm |
| 23:39 | Build | Farm |
| 23:39 | Build | Farm |
| 23:39 | Build | Farm |
| 23:40 | Build | Farm |
| 23:40 | Build | Farm |
| 23:40 | Build | Farm |
| 23:40 | Build | Farm |
| 23:40 | Build | Farm |
| 23:41 | Build | Farm |
| 23:42 | Create | Villager (Male) |
| 23:43 | Create | Villager (Male) |
| 23:43 | Create | Villager (Male) |
| 23:50 | Build | Gate |
| 23:53 | Build | Stone Wall |
| 23:55 | Build | Stone Wall |
| 24:30 | Age | Castle Age |
| 24:34 | Build | House |
| 24:36 | Build | House |
| 24:41 | Research | Bow Saw |
| 24:46 | Research | Gillnets |
| 24:54 | Create | Villager (Male) |
| 24:54 | Create | Villager (Male) |
| 24:55 | Create | Villager (Male) |
| 24:55 | Create | Villager (Male) |
| 24:55 | Create | Villager (Male) |
| 25:25 | Create | Villager (Male) |
| 25:25 | Create | Villager (Male) |
| 25:36 | Build | Siege Workshop |
| 26:03 | Build | Castle |
| 26:11 | Build | University |
| 26:16 | Build | House |
| 26:16 | Build | House |
| 26:17 | Build | House |
| 26:20 | Build | House |
| 26:24 | Research | Fletching |
| 26:24 | Research | Padded Archer Armor |
| 26:24 | Research | Scale Mail Armor |
| 26:25 | Research | Forging |
| 26:35 | Research | Heavy Plow |
| 26:44 | Build | Gate |
| 26:47 | Build | Stone Wall |
| 26:49 | Build | Stone Wall |
| 27:07 | Build | Siege Workshop |
Build order — svwtim
First 150 of 373 actions detected
| 0:02 | Create | Villager (Male) ×4 |
| 0:02 | Create | Villager (Male) ×4 |
| 0:04 | Build | House |
| 0:04 | Build | House |
| 0:06 | Build | House |
| 1:25 | Create | Villager (Male) |
| 1:39 | Research | Loom |
| 1:39 | Create | Villager (Male) |
| 2:05 | Create | Villager (Male) |
| 2:13 | Create | Villager (Male) |
| 2:51 | Create | Villager (Male) |
| 2:51 | Create | Villager (Male) |
| 3:20 | Build | Palisade Wall |
| 3:31 | Create | Villager (Male) ×2 |
| 3:54 | Build | Mill |
| 4:25 | Create | Villager (Male) |
| 4:26 | Create | Villager (Male) |
| 4:35 | Build | House |
| 4:36 | Build | House |
| 5:06 | Build | Palisade Wall |
| 5:13 | Create | Villager (Male) |
| 5:30 | Create | Villager (Male) |
| 5:30 | Create | Villager (Male) |
| 6:13 | Create | Villager (Male) |
| 6:26 | Build | Lumber Camp |
| 7:07 | Create | Villager (Male) |
| 7:08 | Create | Villager (Male) |
| 7:31 | Create | Villager (Male) |
| 7:31 | Create | Villager (Male) |
| 8:03 | Create | Villager (Male) |
| 8:05 | Create | Villager (Male) |
| 8:46 | Build | Dock |
| 9:18 | Build | Mining Camp |
| 9:53 | Research | Feudal Age |
| 11:03 | Create | Fishing Ship |
| 11:03 | Create | Fishing Ship |
| 12:12 | Age | Feudal Age |
| 12:21 | Build | Market |
| 12:32 | Build | Blacksmith |
| 13:10 | Research | Castle Age |
| 13:30 | Create | Fishing Ship |
| 13:52 | Research | Horse Collar |
| 14:02 | Build | House |
| 14:03 | Build | House |
| 14:05 | Build | House |
| 14:06 | Build | House |
| 14:53 | Research | Double-Bit Axe |
| 15:09 | Create | Villager (Male) |
| 15:21 | Build | Farm |
| 15:22 | Build | Farm |
| 15:50 | Age | Castle Age |
| 15:58 | Build | Town Center |
| 16:10 | Build | Town Center |
| 16:15 | Create | Villager (Male) |
| 16:37 | Build | House |
| 16:38 | Build | House |
| 16:42 | Create | Villager (Male) |
| 16:52 | Build | Farm |
| 16:53 | Build | Farm |
| 16:54 | Build | Farm |
| 16:55 | Build | Farm |
| 16:59 | Research | Heavy Plow |
| 17:14 | Build | Farm |
| 17:37 | Create | Villager (Male) |
| 18:07 | Build | Fish Trap |
| 18:11 | Create | Villager (Male) |
| 18:18 | Build | House |
| 18:19 | Build | House |
| 18:20 | Build | House |
| 18:22 | Create | Villager (Male) |
| 18:22 | Create | Villager (Male) |
| 18:29 | Build | Farm |
| 18:30 | Build | Farm |
| 18:39 | Create | Villager (Male) |
| 18:39 | Create | Villager (Male) |
| 18:41 | Build | Mining Camp |
| 18:46 | Build | Farm |
| 18:47 | Build | Farm |
| 18:48 | Build | Farm |
| 18:54 | Create | Villager (Male) |
| 19:05 | Create | Villager (Male) |
| 19:21 | Create | Villager (Male) |
| 19:26 | Build | Farm |
| 19:29 | Build | Farm |
| 19:33 | Build | Farm |
| 19:37 | Create | Villager (Male) |
| 19:41 | Create | Villager (Male) |
| 19:54 | Build | Stone Wall |
| 19:57 | Create | Villager (Male) |
| 19:57 | Create | Villager (Male) |
| 20:01 | Build | House |
| 20:02 | Build | House |
| 20:03 | Build | House |
| 20:03 | Build | House |
| 20:06 | Create | Villager (Male) |
| 20:15 | Build | Monastery |
| 20:32 | Create | Villager (Male) |
| 20:32 | Create | Villager (Male) |
| 20:35 | Build | Farm |
| 20:39 | Build | Farm |
| 20:41 | Create | Villager (Male) |
| 20:43 | Create | Villager (Male) |
| 20:53 | Create | Villager (Male) |
| 21:01 | Build | Farm |
| 21:02 | Create | Villager (Male) |
| 21:04 | Create | Villager (Male) |
| 21:13 | Build | Farm |
| 21:14 | Create | Villager (Male) |
| 21:23 | Build | Farm |
| 21:31 | Create | Villager (Male) |
| 21:31 | Create | Villager (Male) |
| 21:35 | Build | Farm |
| 21:47 | Create | Villager (Male) |
| 21:47 | Create | Villager (Male) |
| 21:47 | Create | Villager (Male) |
| 22:00 | Build | Stone Wall |
| 22:03 | Create | Villager (Male) |
| 22:08 | Build | House |
| 22:09 | Build | House |
| 22:10 | Build | House |
| 22:14 | Create | Monk |
| 22:19 | Create | Villager (Male) |
| 22:23 | Research | Wheelbarrow |
| 22:29 | Create | Villager (Male) |
| 22:43 | Build | Lumber Camp |
| 22:45 | Create | Villager (Male) |
| 22:45 | Create | Villager (Male) |
| 22:45 | Create | Villager (Male) |
| 22:53 | Create | Villager (Male) |
| 23:02 | Build | Farm |
| 23:03 | Build | Farm |
| 23:06 | Build | Farm |
| 23:08 | Build | Farm |
| 23:18 | Build | Farm |
| 23:23 | Build | Farm |
| 23:25 | Create | Villager (Male) ×5 |
| 23:39 | Create | Villager (Male) |
| 23:39 | Create | Villager (Male) |
| 23:42 | Build | House |
| 23:43 | Build | House |
| 23:44 | Build | House |
| 23:45 | Build | House |
| 23:46 | Build | House |
| 23:46 | Build | House |
| 23:49 | Create | Villager (Male) |
| 23:49 | Create | Villager (Male) |
| 23:57 | Build | Farm |
| 24:01 | Build | Farm |
| 24:06 | Research | Bow Saw |
| 24:13 | Build | House |
Match timeline
| 1:07 | Kerküklü · wall_segment Palisade Wall x13 |
| 1:09 | sineks · wall_segment Palisade Wall x8 |
| 1:18 | C4sP3r · wall_segment Palisade Wall x9 |
| 1:39 | sineks · wall_segment Palisade Wall x8 |
| 1:43 | C4sP3r · wall_segment Palisade Wall x9 |
| 1:58 | sineks · wall_segment Palisade Wall x11 |
| 2:11 | Kerküklü · wall_segment Palisade Wall x12 |
| 3:00 | sineks · wall_segment Palisade Wall x10 |
| 3:17 | Kerküklü · wall_segment Palisade Wall x10 |
| 3:20 | svwtim · wall_segment Palisade Wall x8 |
| 4:20 | Kerküklü · wall_segment Palisade Wall x9 |
| 5:06 | svwtim · wall_segment Palisade Wall x13 |
| 6:32 | sineks · first_building Dock |
| 8:46 | svwtim · first_building Dock |
| 11:08 | Kerküklü · first_building Barracks |
| 12:12 | svwtim · age_up feudal |
| 13:08 | Kerküklü · age_up feudal |
| 13:22 | C4sP3r · age_up feudal |
| 13:40 | Kerküklü · wall_segment Stone Wall x15 |
| 13:45 | sineks · age_up feudal |
| 13:47 | C4sP3r · wall_segment Stone Wall x4 |
| 13:48 | sineks · first_building Barracks |
| 13:49 | C4sP3r · wall_segment Stone Wall x5 |
| 13:50 | Kerküklü · wall_segment Stone Wall x12 |
| 13:53 | C4sP3r · wall_segment Stone Wall x9 |
| 14:19 | sineks · wall_segment Stone Wall x7 |
| 14:20 | sineks · wall_segment Stone Wall x6 |
| 14:37 | C4sP3r · first_building Dock |
| 15:34 | sineks · wall_segment Stone Wall x3 |
| 15:36 | sineks · wall_segment Stone Wall x5 |
| 15:48 | Kerküklü · wall_segment Stone Wall x16 |
| 15:50 | svwtim · age_up castle |
| 15:58 | Kerküklü · wall_segment Stone Wall x11 |
| 16:46 | C4sP3r · wall_segment Stone Wall x1 |
| 17:06 | C4sP3r · wall_segment Stone Wall x12 |
| 17:38 | C4sP3r · age_up castle |
| 19:54 | svwtim · wall_segment Stone Wall x7 |
| 20:13 | C4sP3r · wall_segment Stone Wall x14 |
| 20:13 | sineks · wall_segment Stone Wall x13 |
| 20:15 | svwtim · first_building Monastery |
| 20:22 | C4sP3r · first_building Siege Workshop |
| 21:34 | sineks · first_market_buy 100 food |
| 21:42 | C4sP3r · wall_segment Stone Wall x11 |
| 22:00 | svwtim · wall_segment Stone Wall x13 |
| 22:26 | sineks · wall_segment Stone Wall x3 |
| 22:28 | sineks · wall_segment Stone Wall x1 |
| 22:28 | Kerküklü · age_up castle |
| 22:35 | sineks · wall_segment Stone Wall x4 |
| 23:53 | sineks · wall_segment Stone Wall x6 |
| 23:55 | sineks · wall_segment Stone Wall x4 |
| 24:07 | Kerküklü · first_market_buy 100 wood |
| 24:30 | sineks · age_up castle |
| 25:36 | sineks · first_building Siege Workshop |
| 25:46 | Kerküklü · first_building Siege Workshop |
| 26:03 | sineks · first_building Castle |
| 26:39 | Kerküklü · first_building Monastery |
| 26:47 | sineks · wall_segment Stone Wall x6 |
| 26:49 | sineks · wall_segment Stone Wall x5 |
| 28:48 | C4sP3r · first_building Monastery |
| 29:21 | C4sP3r · first_market_sell 100 wood |
| 29:45 | sineks · first_building Monastery |
| 30:11 | sineks · first_building Archery Range |
| 30:38 | svwtim · first_building Castle |
| 30:52 | C4sP3r · first_building Castle |
| 31:03 | C4sP3r · first_building Barracks |
| 32:13 | Kerküklü · age_up imperial |
| 32:41 | svwtim · age_up imperial |
| 32:54 | C4sP3r · age_up imperial |
| 33:25 | svwtim · first_building Barracks |
| 34:02 | Kerküklü · first_building Castle |
| 34:08 | svwtim · first_building Archery Range |
| 35:38 | sineks · age_up imperial |
| 36:03 | C4sP3r · wall_segment Stone Wall x8 |
| 36:06 | C4sP3r · wall_segment Stone Wall x14 |
| 36:38 | C4sP3r · first_building Stable |
| 38:52 | C4sP3r · wall_segment Stone Wall x1 |
| 40:48 | Kerküklü · tribute_sent a jugador 2 |
| 40:48 | Kerküklü · tribute_sent a jugador 3 |
| 40:48 | Kerküklü · tribute_sent a jugador 4 |
| 45:54 | svwtim · first_market_sell 500 food |
| 46:57 | sineks · tribute_sent a jugador 1 |
| 46:57 | sineks · tribute_sent a jugador 2 |
| 46:57 | sineks · tribute_sent a jugador 4 |
| 47:32 | sineks · first_market_sell 100 wood |
| 51:52 | svwtim · first_building Stable |
| 52:11 | sineks · wall_segment Stone Wall x3 |
| 52:12 | sineks · wall_segment Stone Wall x3 |
| 54:44 | Kerküklü · tribute_sent a jugador 2 |
| 54:44 | Kerküklü · tribute_sent a jugador 3 |
| 54:44 | Kerküklü · tribute_sent a jugador 4 |
| 57:15 | Kerküklü · resign |
[ AI ANALYSIS · 1 CREDIT ]
What really happened in this match?
Wolo.gg analyzes every decision: build order, eco, micro, common mistakes by bracket. Personalized analysis on WhatsApp or Discord in 30 seconds.
Civ guide
Inca
Map guide
Black Forest
Perfil
Kerküklü